 Dungeon Crawl Stone Soup version 0.19.4 (webtiles) character file.

140 dngmouse the Slasher (level 5, -2/46 HPs)
             Began as a Draconian Monk on Feb 4, 2017.
             Slain by Purgy (3 damage)
             ... on level 3 of the Dungeon.
             The game lasted 00:07:31 (2209 turns).

dngmouse the Slasher (Draconian Monk)               Turns: 2209, Time: 00:07:33

Health: -2/46      AC:  6    Str: 13    XL:     5   Next: 2%
Magic:  5/5        EV: 13    Int: 10    God:
Gold:   116        SH:  4    Dex: 15    Spells: 0 memorised, 4 levels left

rFire  . . .     SeeInvis .     a - +0 falchion
rCold  . . .     Gourm    .     (armour unavailable)
rNeg   . . .     Faith    .     d - +0 buckler
rPois  .         Spirit   .     (helmet restricted)
rElec  .         Reflect  .     q - +0 cloak
rCorr  .         Harm     .     (no gloves)
MR     .....                    (no boots)
Stlth  ++........               (no amulet)
                                (no ring)
                                (no ring)

@: no status effects
A: unfitting armour, cold-blooded, AC +5
a: no special abilities


You were on level 3 of the Dungeon.
You were hungry.

You visited 1 branch of the dungeon, and saw 3 of its levels.

You collected 116 gold pieces.

Inventory:

Hand Weapons
 a - a +0 falchion (weapon)
 g - a +3 dagger
Missiles
 j - 13 tomahawks (quivered)
Armour
 d - a +0 buckler (worn)
 q - a +0 cloak (worn)
Jewellery
 l - a cursed ring of protection from fire {unknown}
Wands
 i - a wand of slowing (16/48)
Scrolls
 e - 2 scrolls of remove curse {unknown}
 f - 2 scrolls of identify {unknown}
 h - 3 scrolls of recharging {unknown}
 o - a scroll of teleportation {unknown}
Comestibles
 b - 2 bread rations
 c - 2 beef jerkies
 k - 2 meat rations
 m - a chunk of flesh


   Skills:
 - Level 4.1 Fighting
 + Level 4.6 Long Blades
 - Level 2.6 Dodging
 - Level 1.7 Stealth
 - Level 2.0 Shields


You had 4 spell levels left.
You didn't know any spells.

Dungeon Overview and Level Annotations

Branches:
Dungeon (3/15)

Altars:
Gozag
Zin

Annotations:
D:3 Purgy, Sigmund


Innate Abilities, Weirdness & Mutations

Your plain brown scales are hard. (AC +5)
You cannot fit into any form of body armour.
You are cold-blooded and may be slowed by cold attacks.


Message History

Purgy claws you.
* * * LOW HITPOINT WARNING * * *
Purgy barely misses you. You block the hound skeleton's attack.
You hit Purgy but do no damage.
Purgy is severely wounded.
You block the quokka's attack.
The hound skeleton bites you but does no damage.
Purgy barely misses you.
You riposte.
You hit Purgy but do no damage.
Purgy is severely wounded.
Purgy claws you.
* * * LOW HITPOINT WARNING * * *
Purgy misses you.
You barely miss Purgy.
Purgy is severely wounded.
The quokka barely misses you. The hound skeleton bites you.
* * * LOW HITPOINT WARNING * * *
Purgy bites you.
* * * LOW HITPOINT WARNING * * *
Purgy claws you.
You die...

#)..##.#..........#
##)####.###........# ##..#
#............# ##..##
#...........@ ####>.##
##...#...........###.# .....##
#........#..#......l# .###.###
##..####.....>.......
.##..P.######..##...#.....P......
.##...P.#.....##@.............$.
.#.............rZT.............
.....P......................#.#
..........................#.#.#
...........)..............#...#
.............................####
................##....#..........
.#...............#...............
.##.....#.....##.#..#............


You could see Purgy, a quokka and a hound skeleton.

Vanquished Creatures
  Crazy Yiuf (D:2)
  Ijyb (D:3)
  Terence (D:3)
  A hound skeleton (D:3)
  2 dart slugs
  A leopard gecko (D:1)
  5 orcs (D:3)
  A ball python (D:3)
  A giant cockroach (D:2)
  6 goblins
  3 hobgoblins
  2 quokkas (D:2)
  7 bats
  3 frilled lizards (D:2)
  2 kobolds
  A quokka zombie (D:3)
  4 rats
42 creatures vanquished.

Notes
Turn   | Place    | Note
-------+----------+-------------------------------------------
     0 | D:1      | dngmouse the Draconian Monk began the quest for the Orb.
     0 | D:1      | Reached XP level 1. HP: 19/19 MP: 1/1
   275 | D:1      | Reached XP level 2. HP: 26/26 MP: 2/2
   768 | D:2      | Found an opulent altar of Gozag.
   911 | D:2      | Reached skill level 1 in Shields
  1090 | D:2      | Found a glowing silver altar of Zin.
  1178 | D:2      | Found a runed door.
  1250 | D:2      | Reached XP level 3. HP: 31/33 MP: 3/3
  1334 | D:2      | Noticed Crazy Yiuf
  1343 | D:2      | Killed Crazy Yiuf
  1385 | D:3      | Noticed Terence
  1681 | D:3      | Killed Terence
  1681 | D:3      | Reached XP level 4. HP: 18/40 MP: 4/4
  1854 | D:3      | Noticed Ijyb
  1875 | D:3      | Killed Ijyb
  1898 | D:3      | Noticed Sigmund
  2138 | D:3      | Reached XP level 5. HP: 41/46 MP: 5/5
  2156 | D:3      | Noticed Purgy
  2209 | D:3      | HP: 1/46 [Purgy (2)]
  2209 | D:3      | Slain by Purgy

Skill      XL: |  1  2  3  4 |
---------------+-------------+-----
Shields        | 1 2 |  2.0
Fighting       | 4 |  4.1
Long Blades    | 4 |  4.6
Dodging        | |  2.6
Stealth        | |  1.7

Action                   |  1- 3 |  4- 6 || total
-------------------------+-------+-------++-------
Melee: Falchion          |   108 |    74 ||   182
       Tailslap          |    19 |    14 ||    33
  Use: Potion            |     2 |     2 ||     4
 Stab: Sleeping          |    12 |       ||    12
  Eat: Chunk             |     2 |     2 ||     4
Armor: Skin              |    43 |    47 ||    90
Dodge: Dodged            |    72 |    91 ||   163
Block: Buckler           |    26 |    21 ||    47
       Rpst.: Falchion   |    22 |    16 ||    38
